 Dungeon Crawl Stone Soup version 0.13.0-17-g5f0e85f (webtiles) character file.

447 HungrySpirit the Chopper (level 6, -1/46 HPs)
             Began as a Human Gladiator on Oct 21, 2013.
             Slain by an ice beast (14 damage)
             ... on Level 4 of the Dungeon.
             The game lasted 00:08:39 (4068 turns).

HungrySpirit the Chopper (Human Gladiator)          Turns: 4068, Time: 00:08:39

HP  -1/46        AC  7     Str 18      XL: 6   Next: 68%
MP   5/5         EV 10     Int  8      God:
Gold 140         SH  0     Dex 13      Spells:  0 memorised,  5 levels left

Res.Fire  : . . .   See Invis. : .   a - +0 hand axe {=f}
Res.Cold  : . . .   Warding    : .   e - +0 ring mail
Life Prot.: . . .   Conserve   : .   (no shield)
Res.Poison: .       Res.Corr.  : .   c - +0 helmet
Res.Elec. : .       Clarity    : .   (no cloak)
Sust.Abil.: . .     Spirit.Shd : .   (no gloves)
Res.Mut.  : .       Stasis     : .   (no boots)
Res.Rott. : .       Flight     : .   (no amulet)
Saprovore : . . .                    (no ring)
                                     (no ring)

@: slightly resistant to hostile enchantments, extremely unstealthy
A: no striking features
a: no special abilities


You were on level 4 of the Dungeon.
You were very hungry.

You visited 1 branch of the dungeon, and saw 4 of its levels.

You collected 120 gold pieces.

Inventory:

Hand weapons
 a - a +0,+0 hand axe (weapon) {=f}
Missiles
 d - 3 throwing nets (quivered)
Armour
 c - a +0 helmet (worn)
 e - a +0 ring mail (worn)
Magical devices
 h - a wand of confusion (0)
Comestibles
 f - 3 bread rations
 p - 2 meat rations
 u - an apple
Scrolls
 i - a scroll of remove curse {unknown}
 j - a scroll of random uselessness {unknown}
 l - a scroll of curse jewellery {unknown}
 m - 4 scrolls of identify {unknown}
 n - a scroll of teleportation {unknown}
 s - a scroll of fear {unknown}
Jewellery
 k - an uncursed ring of protection from magic {unknown}
Potions
 b - a potion of slowing {unknown}
 o - a potion of magic {unknown}
 r - a potion of paralysis {unknown}


   Skills:
 - Level 2.0 Fighting
 + Level 5.3 Axes
 - Level 2.0 Throwing
 + Level 4.2 Armour
 - Level 3.0 Dodging


You had 5 spell levels left.
You didn't know any spells.

Dungeon Overview and Level Annotations

Branches:
Dungeon (4/27)
 Temple: D:4-7

Altars:
Kikubaaqudgha

Annotations:
D:2 Sigmund
D:4 Narretz's ghost, experienced TrBe


Message History

The ice beast is moderately wounded.
The ice beast barely misses you.
You hit the ice beast.
The ice beast is heavily wounded.
The ice beast hits you but does no damage.
You hit the ice beast but do no damage.
The ice beast is heavily wounded.
The ice beast hits you. The ice beast freezes you!
You hit the ice beast.
The ice beast is severely wounded.
The ice beast hits you but does no damage.
You barely miss the ice beast.
The ice beast is severely wounded.
The ice beast hits you but does no damage.
You closely miss the ice beast.
The ice beast is severely wounded.
The ice beast hits you.
* * * LOW HITPOINT WARNING * * *
The ice beast freezes you!
You die...

####..##.##.##.####.#......
#.................#..#.#
#..##.##.##.####..#..#.##.
#..##.##.##.####..#......
#..##..........#..#....#
#.)####..#####.#..#....##.#
#..# #..# #.#..#%........
#####..####..#####.#..#...#
................@IZ.......#
##<.#..#############.###.##
#..##...# #)# .# #..####.#
#.# .# #..# .# #.# .# #..#
# #.# .$ #### ..# ## ###


You could see an ice beast and an ogre skeleton.

Vanquished Creatures
  A crimson imp (D:3)
  An orc wizard (D:3)
  An orc priest (D:3)
  A centaur skeleton (D:3)
  Ijyb (D:2)
  3 adders
  3 giant mites
  4 worms
  A giant gecko (D:3)
  5 orcs (D:3)
  10 goblins
  14 hobgoblins
  9 kobolds
  A quokka (D:2)
  11 bats
  3 giant cockroaches
  9 jackals
  27 rats
105 creatures vanquished.

Notes
Turn   | Place    | Note
--------------------------------------------------------------
     0 | D:1      | HungrySpirit, the Human Gladiator, began the quest for the Orb.
     0 | D:1      | Reached XP level 1. HP: 17/17 MP: 0/0
    32 | D:1      | Reached XP level 2. HP: 13/23 MP: 1/1
   328 | D:1      | Reached skill level 1 in Armour
   421 | D:1      | Reached XP level 3. HP: 25/28 MP: 2/2
  1170 | D:2      | Reached skill level 4 in Axes
  1170 | D:2      | Reached XP level 4. HP: 31/35 MP: 3/3
  1171 | D:2      | Found an ancient bone altar of Kikubaaqudgha.
  1337 | D:2      | Noticed Sigmund
  1338 | D:2      | Noticed Ijyb
  1469 | D:2      | Killed Ijyb
  1717 | D:2      | Reached XP level 5. HP: 11/40 MP: 4/4
  2758 | D:3      | Reached XP level 6. HP: 3/46 MP: 5/5
  3058 | D:3      | Reached skill level 5 in Axes
  3783 | D:4      | Noticed Narretz's ghost (experienced TrBe)
  4034 | D:4      | Noticed an ice beast
  4068 | D:4      | Slain by an ice beast

Action                   |  1- 3 |  4- 6 || total
-------------------------+-------+-------++-------
Melee: Hand axe          |   144 |   392 ||   536
  Use: Potion            |       |     2 ||     2
